 Dungeon Crawl Stone Soup version 0.22.1-1-ga44c0e5 (webtiles) character file.

715 dvd the Firebug (level 7, -8/43 HPs)
             Began as an Octopode Fire Elementalist on Oct 22, 2018.
             Mangled by a troll (19 damage)
             ... on level 5 of the Dungeon.
             The game lasted 00:13:21 (6451 turns).

dvd the Firebug (Octopode Fire Elementalist)        Turns: 6451, Time: 00:13:22

Health: -8/43      AC: -2    Str:  8    XL:     7   Next: 69%
Magic:  9/21       EV: 14    Int: 19    God:
Gold:   244        SH:  0    Dex: 12    Spells: 6/13 levels left

rFire    + + .     SeeInvis +   C - +8 short sword of the Genius {elec, rF+ rN+ MP+9 SInv}
rCold    x . .     Gourm    .   (no shield)
rNeg     + + .     Faith    .   (helmet restricted)
rPois    .         Spirit   .   (no amulet)
rElec    .         Reflect  .   j - ring of positive energy
rCorr    .         Harm     .   o - -3 ring of protection (curse)
MR       +....                  r - ring of protection from magic
Stlth    ++++......             t - ring of fire
HPRegen  0.14/turn              (no ring)
MPRegen  0.17/turn              (no ring)
                                (no ring)
                                (no ring)

@: very slightly contaminated
A: almost no armour, stealthy swim, amphibious, 8 rings, constrict 8, camouflage
1, gelatinous body 1
a: no special abilities


You were on level 5 of the Dungeon.
You were hungry.

You visited 1 branch of the dungeon, and saw 5 of its levels.

You collected 244 gold pieces.

Inventory:

Hand Weapons
 B - the +6 rapier of Zechuogo {speed, rElec Int+2 Dex-2}
   (You found it on level 5 of the Dungeon)

   Attacks with this weapon are significantly faster.
   It affects your intelligence (+2).
   It affects your dexterity (-2).
   It insulates you from electricity.
 C - the +8 short sword of the Genius (weapon) {elec, rF+ rN+ MP+9 SInv}
   (You found it on level 5 of the Dungeon)

   Occasionally, upon striking a foe, it will discharge some electrical energy
   and cause terrible harm.
   It protects you from fire.
   It protects you from negative energy.
   It affects your magic capacity (+9).
   It lets you see invisible.
Missiles
 m - 2 steel tomahawks (quivered)
Jewellery
 j - a ring of positive energy (left tentacle)
 o - a cursed -3 ring of protection (right tentacle)
 r - a ring of protection from magic (on tentacle)
 t - a ring of fire (on tentacle)
Scrolls
 e - 2 scrolls of enchant armour {unknown}
 f - a scroll of noise {unknown}
 h - 2 scrolls of magic mapping {unknown}
 i - 3 scrolls of identify {unknown}
 l - a scroll of blinking {unknown}
 q - 2 scrolls of immolation {unknown}
 w - a scroll of teleportation {unknown}
 y - a scroll of random uselessness {unknown}
 A - a scroll of enchant weapon {unknown}
Potions
 c - 3 potions of curing {unknown}
 d - 2 potions of degeneration {unknown}
 g - 2 potions of heal wounds {unknown}
 n - 2 potions of flight {unknown}
 p - a potion of might {unknown}
 v - 2 potions of invisibility {unknown}
Comestibles
 a - a chunk of flesh
 b - 7 rations


   Skills:
 + Level 1.3 Fighting
   Level 2.0(2.2) Maces & Flails
   Level 0.9(1.6) Staves
 + Level 3.1 Dodging
 + Level 4.4 Stealth
 + Level 0.2 Unarmed Combat
 + Level 3.8 Spellcasting
 + Level 3.7 Conjurations
 + Level 5.0 Fire Magic


You had 6 spell levels left.
You knew the following spells:

 Your Spells              Type           Power        Failure   Level  Hunger
a - Flame Tongue          Conj/Fire      ####.        2%          1    None
b - Throw Flame           Conj/Fire      ####..       3%          2    ##.....
c - Sticky Flame          Conj/Fire      ####....     24%         4    ####...

Your spell library contained the following spells:

 Spells                   Type           Power        Failure   Level  Hunger
 Conjure Flame            Conj/Fire      ####....     7%          3    ###....
 Animate Skeleton         Necr           N/A          14%         1    None
 Apportation              Tloc           #.....       14%         1    None
 Confusing Touch          Hex            #.....       14%         1    None
 Summon Small Mammal      Summ           #...         14%         1    None
 Inner Flame              Hex/Fire       ###.....     16%         3    ###....
 Fireball                 Conj/Fire      ####......   54%         5    ######.


Dungeon Overview and Level Annotations

Branches:
Dungeon (5/15)
 Temple: D:4-7

Altars:
The Shining One


Innate Abilities, Weirdness & Mutations

You cannot wear most types of armour.
You are very stealthy in the water. (Stealth+)
You are amphibious.
You can wear up to eight rings at the same time.
You can use your tentacles to constrict eight enemies at once.
Your skin changes colour to match your surroundings (Stealth+).
Your rubbery body absorbs attacks. (AC +1, EV +1)


Message History

Confirm with . or Enter, or press ? or * to list all spells.
Aiming: Sticky Flame (slightly dangerous; 24% risk of failure)
Press: ? - help, Shift-Dir - straight line, f/p - troll
Aim: a troll (heavily wounded)
You feel a surge of power!
You miscast Sticky Flame.
You are very lightly contaminated with residual magic.
Lukewarm flames ripple over your body.
You are feeling hungry.
The troll closely misses you. The troll misses you. The troll claws you!
* * * LOW HITPOINT WARNING * * *
Unknown command.
Casting: Sticky Flame (slightly dangerous; 24% risk of failure)
Confirm with . or Enter, or press ? or * to list all spells.
Aiming: Sticky Flame (slightly dangerous; 24% risk of failure)
Press: ? - help, Shift-Dir - straight line, f/p - troll
Aim: a troll (heavily wounded)
You feel a surge of power!
You miscast Sticky Flame.
The air around you crackles with energy!
The troll bites you!!
You die...

###### .....# ### ## ####.#
###8###8## #.# #........# #.#
#........8 #[#
############........#
#.########..T@........#8##...#
#..........##########.####...#
############ #.# #8...⌠ #.#
##...# #.# #...# #.####....
#...#8.... ######.... ##8##


You could see a troll.

Vanquished Creatures
  A phantom (D:4)
  An ogre (D:4)
  A howler monkey (D:4)
  A crimson imp (D:3)
  2 hounds
  An orc priest (D:4)
  A bullfrog skeleton (D:4)
  An iguana (D:4)
  4 orc wizards
  Robin (D:3)
  9 adders
  A shadow imp (D:3)
  2 oozes
  2 worms
  A leopard gecko (D:4)
  11 orcs
  5 bats
  3 giant cockroaches
  16 goblins
  9 hobgoblins
  7 jackals
  3 quokkas
  7 ball pythons
  6 frilled lizards
  8 kobolds
  A leopard gecko skeleton (D:4)
  7 rats
112 creatures vanquished.

Vanquished Creatures (others)
  A fungus (D:2)
1 creature vanquished.

Grand Total: 113 creatures vanquished

Notes
Turn   | Place    | Note
-------+----------+-------------------------------------------
     0 | D:1      | dvd the Octopode Fire Elementalist began the quest for the
                  | Orb.
     0 | D:1      | Reached XP level 1. HP: 11/11 MP: 3/3
   355 | D:1      | Reached XP level 2. HP: 11/17 MP: 1/5
  1003 | D:2      | Learned a level 2 spell: Throw Flame
  1087 | D:2      | Reached XP level 3. HP: 20/21 MP: 1/6
  1572 | D:2      | Reached XP level 4. HP: 13/27 MP: 1/7
  2156 | D:3      | Noticed Robin
  2711 | D:3      | Reached XP level 5. HP: 31/31 MP: 3/8
  3109 | D:3      | Killed Robin
  3109 | D:3      | Reached skill level 4 in Fire Magic
  3307 | D:3      | Learned a level 4 spell: Sticky Flame
  3650 | D:3      | Reached skill level 1 in Maces & Flails
  3650 | D:3      | Reached XP level 6. HP: 19/37 MP: 10/10
  4420 | D:4      | Found a glowing golden altar of the Shining One.
  4691 | D:4      | Reached skill level 1 in Fighting
  4856 | D:4      | Reached XP level 7. HP: 31/43 MP: 5/11
  5617 | D:5      | Entered Level 5 of the Dungeon
  6288 | D:5      | Got an encrusted rapier
  6289 | D:5      | Identified the +6 rapier of Zechuogo {speed, rElec Int+2
                  | Dex-2} (You found it on level 5 of the Dungeon)
  6316 | D:5      | Got a brightly glowing short sword
  6317 | D:5      | Identified the +8 short sword of the Genius {elec, rF+ rN+
                  | MP+9 SInv} (You found it on level 5 of the Dungeon)
  6336 | D:5      | Reached skill level 5 in Fire Magic
  6420 | D:5      | Noticed a troll
  6451 | D:5      | Mangled by a troll

Skill      XL: |  1  2  3  4  5  6  7 |
---------------+----------------------+-----
Stealth        | 3 4 |  4.4
Conjurations   | 2 3 |  3.7
Fire Magic     | 4 5 |  5.0
Maces & Flails | 1 2 |  2.0
Spellcasting   | 3 |  3.8
Dodging        | 3 |  3.1
Fighting       | 1 |  1.3
Staves         | |  0.9
Unarmed Combat | |  0.2

Action                   |  1- 3 |  4- 6 |  7- 9 || total
-------------------------+-------+-------+-------++-------
Melee: Unarmed           |     8 |       |       ||     8
       Whip              |    12 |    72 |    13 ||    97
       Constrict         |     7 |    20 |     3 ||    30
       Tentacles         |     2 |    18 |     3 ||    23
       Quarterstaff      |    13 |    19 |       ||    32
       Short sword       |       |       |     2 ||     2
 Cast: Flame Tongue      |    37 |    82 |    26 ||   145
       Throw Flame       |     6 |    19 |     7 ||    32
       Sticky Flame      |       |       |     2 ||     2
  Use: Scroll            |       |     1 |       ||     1
 Stab: Sleeping          |     2 |     3 |     1 ||     6
  Eat: Chunk             |     3 |    11 |     2 ||    16
       Ration            |       |       |     1 ||     1
Armor: Skin              |     8 |     3 |       ||    11
Dodge: Dodged            |    31 |    80 |    24 ||   135
